 Dungeon Crawl Stone Soup version 0.30-a0-586-g23e55c9e0a (webtiles) character file.

Game seed: 7842937965110755443

266 porpoise the Cutter (level 6, -5/49 HPs)
             Began as a Demonspawn Brigand on Jan 4, 2023.
             Slain by Menkaure (16 damage)
             ... on level 4 of the Dungeon.
             The game lasted 00:11:16 (2634 turns).

porpoise the Cutter (Demonspawn Brigand)            Turns: 2634, Time: 00:11:16

Health: -5/49      AC:  9    Str: 12    XL:     6   Next: 0%
Magic:  6/6        EV: 10    Int: 12    God:
Gold:   152        SH:  0    Dex: 16    Spells: 5/5 levels left

rFire   . . .      SeeInvis .    a - +2 dagger (speed)
rCold   . . .      Faith    .    (no shield)
rNeg    . . .      Spirit   .    t - +0 ring mail
rPois   .          Reflect  .    i - +0 helmet
rElec   .          Harm     .    c - +0 cloak
rCorr   .          Rampage  .    u - +0 pair of gloves
Will    .....                    (no boots)
Stlth   ++                       (no amulet)
HPRegen 0.28/turn                (no ring)
MPRegen 0.20/turn                (no ring)

@: no status effects
A: rugged brown scales 1, spiny 2, magic regeneration
a: no special abilities


You were on level 4 of the Dungeon.
You visited 1 branch of the dungeon, and saw 4 of its levels.

You collected 152 gold pieces.

Inventory:

Hand Weapons
 a - a +2 dagger of speed (weapon)
 b - a +0 sling
 r - a +2 dagger
Missiles
 d - 14 poisoned darts (quivered)
 e - 3 curare-tipped darts
 g - 5 boomerangs
Armour
 c - a +0 cloak (worn)
 i - a +0 helmet (worn)
 t - a +0 ring mail (worn)
 u - a +0 pair of gloves (worn)
Magical Staves
 o - a staff of cold
Scrolls
 f - a scroll of blinking {unknown}
 h - 5 scrolls of identify
 j - a scroll of vulnerability {unknown}
 k - a scroll of fear
 p - a scroll of poison {unknown}
 q - a scroll of teleportation
Potions
 l - a potion of heal wounds
 m - a potion of magic
 n - a potion of brilliance
 s - a potion of ambrosia


   Skills:
 + Level 3.9 Fighting
 * Level 4.8 Short Blades
 - Level 1.7 Throwing
 - Level 0.8 Dodging
 - Level 3.6 Stealth


You had 5 spell levels left.
You didn't know any spells.
Your spell library contained the following spells:

 Spells                   Type           Power      Damage    Failure   Level
 Kiss of Death            Conj/Necr      0%         2d5       58%         1
 Confusing Touch          Hex            0%         N/A       92%         3
 Dispel Undead            Necr           0%         3d6       100%        4


Dungeon Overview and Level Annotations

Branches:
Dungeon (4/15)
 Temple: D:4-7

Altars:
Dithmenos

Shops:
D:2 =

Annotations:
D:2 1 exclusion, Sigmund
D:4 Menkaure


Innate Abilities, Weirdness & Mutations

You are partially covered in rugged brown scales. (AC +1, +3% HP)
You are mostly covered in sharp spines.
You regenerate magic rapidly.


Message History

You shoot a sling bullet. The sling bullet hits the orc priest!
The orc priest is almost dead.
The orc priest begins to cast a cantrip, but forgets the words!
Menkaure gestures wildly while chanting.
Menkaure seems to speed up.
You shoot a sling bullet.
The sling bullet closely misses the orc priest.
You shoot a sling bullet. The sling bullet hits the orc priest.
You kill the orc priest!
An orc comes into view. It is wielding a +0 mace.
You have reached level 6!
Your demonic ancestry asserts itself...
Rugged brown scales grow over part of your body.
Your hands tingle!
a - a +2 dagger of speed (weapon)
Menkaure calls on the powers of darkness!
Your body is wracked with pain!
You are too injured to fight recklessly!
You are too injured to fight recklessly!
You feel better.
You hit Menkaure.
Menkaure is lightly damaged.
Menkaure is struck by your spines. Menkaure hits you!
Okay, then.
You hit Menkaure.
Menkaure is moderately damaged.
You hit Menkaure but do no damage.
Menkaure is moderately damaged.
Menkaure is struck by your spines. Menkaure closely misses you.
You hit Menkaure.
Menkaure is heavily damaged.
Menkaure hits you!
* * * LOW HITPOINT WARNING * * *
You hit Menkaure but do no damage.
Menkaure is heavily damaged.
You hit Menkaure but do no damage.
Menkaure is heavily damaged.
The orc closely misses you. Menkaure is struck by your spines.
Menkaure hits you!
You die...

#........##
##.........#
#..........#
#..........#
##..........#
#...........#
##)##.......#
##M.##M.....##
#..##@o######
###o###.##
#...# #.#
#...### #<#
#.)# #.# #..#
#.# ...> #.#
.... #.# ...
#.#


You could see Menkaure (fast) and an orc.

Vanquished Creatures
  A phantom (D:2)
  An orc priest (D:4)
  Robin (D:1)
  6 adders
  A shadow imp (D:3)
  A worm (D:1)
  2 orcs (D:3)
  9 endoplasms
  4 giant cockroaches
  11 goblins
  8 hobgoblins
  3 jackals (D:3)
  4 quokkas
  4 ball pythons
  2 bats
  6 frilled lizards
  10 kobolds
  11 rats
85 creatures vanquished.

Vanquished Creatures (others)
  7 plants (D:2)
7 creatures vanquished.

Grand Total: 92 creatures vanquished

Notes
Turn   | Place    | Note
-------+----------+-------------------------------------------
     0 | D:1      | porpoise the Demonspawn Brigand began the quest for the
                  | Orb.
     0 | D:1      | Reached XP level 1. HP: 16/16 MP: 1/1
   125 | D:1      | Reached skill level 2 in Short Blades
   257 | D:1      | Found a faded altar of an unknown god.
   532 | D:1      | Gained mutation: You are partially covered in sharp spines.
                  | [demonic ancestry]
   532 | D:1      | Reached XP level 2. HP: 22/22 MP: 2/2
  1206 | D:2      | Noticed Robin
  1237 | D:1      | Reached XP level 3. HP: 17/28 MP: 3/3
  1348 | D:1      | Killed Robin
  1349 | D:1      | Reached skill level 3 in Short Blades
  1471 | D:2      | Found Banulen's Jewellery Emporium.
  1518 | D:2      | You fall into a shaft and drop 1 floor!
  1536 | D:3      | Noticed a phantom
  1574 | D:2      | Killed a phantom
  1575 | D:2      | Reached skill level 4 in Short Blades
  1575 | D:2      | Gained mutation: You are mostly covered in sharp spines.
                  | [demonic ancestry]
  1575 | D:2      | Reached XP level 4. HP: 23/35 MP: 4/4
  1575 | D:2      | Gained mutation: You regenerate magic rapidly. [demonic
                  | ancestry]
  1575 | D:2      | Reached XP level 5. HP: 27/41 MP: 5/5
  1984 | D:2      | Noticed Sigmund
  2205 | D:3      | Found a shadowy altar of Dithmenos.
  2612 | D:4      | Noticed Menkaure
  2622 | D:4      | Gained mutation: You are partially covered in rugged brown
                  | scales. (AC +1, +3% HP) [demonic ancestry]
  2622 | D:4      | Reached XP level 6. HP: 42/49 MP: 6/6
  2634 | D:4      | Slain by Menkaure

Illustrated notes

Levels and vault maps discovered:
D:1:      saegor_arrival_fortress, layout_loops_corners, basic_ecumenical_altar
D:2:      layout_rooms, serial_shops, nicolae_shop_crystal,
          lexackson_kobold_supper, uniq_sigmund, uniq_robin
D:3:      layout_basic, general_overflow_altar, lemuel_round_altar,
          minmay_distorted
D:4:      layout_rooms, serial_park_tiny_2, nicolae_shop_gadgets, uniq_ijyb,
          uniq_edmund, uniq_menkaure, uniq_eustachio

Skill      XL: |  1  2  3 |
---------------+----------+-----
Short Blades   | 2 4 |  4.8
Fighting       | 3 |  3.9
Throwing       | |  1.7
Dodging        | |  0.8
Stealth        | |  3.6

Action                   |  1- 3 |  4- 6 || total
-------------------------+-------+-------++-------
Melee: Dagger            |   105 |    65 ||   170
       Punch             |     1 |       ||     1
 Fire: Sling             |       |    32 ||    32
Throw: Dart              |     7 |       ||     7
  Use: Potion            |     2 |     1 ||     3
       Scroll            |       |     6 ||     6
 Stab: Sleeping          |     4 |     2 ||     6
Armor: Robe              |    10 |       ||    10
       Leather armour    |    14 |    11 ||    25
       Ring mail         |       |     3 ||     3
Dodge: Dodged            |    49 |    17 ||    66

Table legend: (Time is in decaauts)
 A = Elapsed time spent in this place.
 B = Non-inter-level travel time spent in this place.
 C = Inter-level travel time spent in this place.
 D = Time resting spent in this place.
 E = Time spent auto-exploring this place.
 F = Levels seen in this place.
 G = Mean time per level.
                   A        B        C        D        E       F      G
               +--------+--------+--------+--------+--------+-----+--------+
         Total |   2604 |   2499 |    105 |    426 |   1450 |   4 |  651.0 |
       Dungeon |   2604 |   2499 |    105 |    426 |   1450 |   4 |  651.0 |
               +--------+--------+--------+--------+--------+-----+--------+

Top non-repeatable levels by time:
     D:1: 1365 daAuts
     D:2: 630 daAuts
     D:3: 557 daAuts
     D:4: 50 daAuts
